 Dungeon Crawl Stone Soup version 0.31-a0-221-gbddc013574 (webtiles) character file.

Game seed: 16879481129301073233

242 qw the Shooter (level 5, -4/45 HPs)
             Began as a Minotaur Hexslinger on July 3, 2023.
             Killed from afar by Dowan (12 damage)
             ... with a shard of ice
             ... on level 4 of the Dungeon.
             The game lasted 00:01:01 (2860 turns).

qw the Shooter (Minotaur Hexslinger)                Turns: 2860, Time: 00:01:01

Health: -4/45      AC: 11    Str: 12    XL:     5   Next: 81%
Magic:  5/5        EV: 11    Int: 10    God:
Gold:   91         SH:  0    Dex: 15    Spells: 5/6 levels left

rFire   . . .        Y - +1 sling
rCold   . . .        (no shield)
rNeg    . . .        d - +0 ring mail
rPois   .            (helmet restricted)
rElec   .            (no cloak)
rCorr   +            (no gloves)
SInv    .            h - +1 pair of boots
Will    .....        e - amulet of faith
Stlth   +            b - +4 ring of protection
HPRegen 0.27/turn    c - ring of resist corrosion
MPRegen 0.09/turn

%: faith
@: lit by a corona, glowing
A: horns 2, retaliatory headbutt
a: no special abilities


You were on level 4 of the Dungeon.
You visited 1 branch of the dungeon, and saw 4 of its levels.

You collected 233 gold pieces.
You spent 142 gold pieces at shops.


Innate Abilities, Weirdness & Mutations

You have a pair of horns on your head.
You reflexively headbutt those who attack you in melee.


   Skills:
 + Level 3.0 Fighting
 - Level 6.1 Ranged Weapons
 - Level 1.0 Armour
 - Level 2.1 Dodging
 - Level 1.0 Spellcasting
 - Level 2.0 Hexes


You had 5 spell levels left.
You knew the following spells:

 Your Spells              Type           Power      Damage    Failure   Level
a - Slow                  Hex            16%        N/A       34%         1

Your spell library contained the following spells:

 Spells                   Type           Power      Damage    Failure   Level
 Inner Flame              Hex/Fire       2%         N/A       83%         3
 Portal Projectile        Hex/Tloc       4%         N/A       83%         3
 Cause Fear               Hex            2%         N/A       98%         4

Inventory:

Hand Weapons
 Y - a +1 sling (weapon)
Armour
 d - a +0 ring mail (worn)
 h - a +1 pair of boots (worn)
Jewellery
 b - a +4 ring of protection (left hand)
 c - a ring of resist corrosion (right hand)
 e - an amulet of faith (around neck)
Scrolls
 i - 4 scrolls of identify
Potions
 j - a potion of haste
 k - 2 potions of resistance

Dungeon Overview and Level Annotations

Branches:
Dungeon (4/15)
 Temple: D:4-7

Altars:
Hepliaklqana
Wu Jian
Xom
The Shining One

Shops:
D:2 ![*?:

Annotations:
D:4 Dowan


Message History

The sling bullet hits Duvessa but does no damage.
Duvessa is moderately wounded.
Duvessa hits you but does no damage. Dowan hits you but does no damage.
You shoot a sling bullet. The sling bullet hits Duvessa.
Duvessa is heavily wounded.
Duvessa misses you. You furiously retaliate!
You headbutt Duvessa. Dowan hits you with a +0 dagger.
You shoot a sling bullet. The sling bullet hits Duvessa!
Duvessa is severely wounded.
Duvessa closely misses you.
Dowan smirks and points a slender finger.
Dowan hits you but does no damage.
You shoot a sling bullet. The sling bullet barely misses Duvessa.
Duvessa closely misses you. You furiously retaliate!
You headbutt Duvessa!
You kill Duvessa!
Dowan seems overcome with grief.
Dowan seems to find hidden reserves of power!
Dowan hits you with a +0 dagger. Dowan gestures at you while chanting.
The stone arrow hits you!
Your Ranged Weapons skill increases to level 6!
You shoot a sling bullet. The sling bullet hits Dowan.
Dowan is heavily wounded.
Dowan hits you but does no damage.
You shoot a sling bullet. The sling bullet closely misses Dowan.
Dowan hits you with a +0 dagger. Dowan hits you but does no damage.
You shoot a sling bullet. The sling bullet hits Dowan.
Dowan is heavily wounded.
Dowan hits you but does no damage. x2
You shoot a sling bullet. The sling bullet hits Dowan.
Dowan is severely wounded.
Dowan misses you. Dowan hits you but does no damage.
You shoot a sling bullet. The sling bullet closely misses Dowan.
Dowan hits you with a +0 dagger.
Dowan mumbles some strange words.
Dowan blinks!
You shoot a sling bullet. The sling bullet barely misses Dowan.
Dowan points at you and mumbles some strange words.
The shard of ice hits you!
You die...

#..P.P..¤
..P.P.P.#
#)P..#P## #.###.#
#%##########
)..........#
...........#######
...........+e..¤)#
...........#####@#
...........#.....#
...........#.#####
#######+#<|......#
####.###.# #.# #.#
#.# #.#


You could see Dowan (fast).

Vanquished Creatures
  Duvessa (D:4)
  An iguana (D:4)
  Ijyb (D:4)
  2 adders
  3 worms
  2 dart slugs (D:2)
  2 orcs (D:3)
  6 bats
  4 endoplasms
  5 giant cockroaches
  4 hobgoblins (D:4)
  5 jackals
  A quokka (D:1)
  3 ball pythons
  12 goblins
  3 kobolds
  5 rats
60 creatures vanquished.

Notes
Turn   | Place    | Note
-------+----------+-------------------------------------------
     0 | D:1      | qw the Minotaur Hexslinger began the quest for the Orb.
     0 | D:1      | Reached XP level 1. HP: 16/16 MP: 1/1
     0 | D:1      | 0 ||| qw: Version: 0.3-a-40-ge99b1a8
     0 | D:1      | 0 ||| qw: Game counter: 539
     0 | D:1      | 0 ||| qw: Melee chars always use a shield: true
     0 | D:1      | 0 ||| qw: God list: Okawaru
     0 | D:1      | 0 ||| qw: Allow faded altars: false
     0 | D:1      | 0 ||| qw: Do Orc after clearing Dungeon:15 true
     0 | D:1      | 0 ||| qw: Do second Lair branch before Depths: true
     0 | D:1      | 0 ||| qw: Lair rune preference: random
     0 | D:1      | 0 ||| qw: Goals: Normal
     0 | D:1      | 0 ||| PLANNING D:1-11
   180 | D:1      | Reached skill level 3 in Ranged Weapons
   181 | D:1      | Reached XP level 2. HP: 19/23 MP: 2/2
   218 | D:1      | You fall into a shaft and drop 1 floor!
   239 | D:2      | Found Reskaecsab's Book Shoppe.
   258 | D:2      | 258 ||| UPGRADING to +0 ring mail.
   268 | D:2      | 268 ||| DROPPING +0 robe.
   269 | D:2      | 269 ||| UPGRADING to amulet of faith.
   274 | D:2      | 274 ||| DROPPING scroll of poison.
   972 | D:1      | 972 ||| DROPPING +6 ring of intelligence.
   973 | D:1      | 973 ||| READING scroll labelled MERUACVO MASH.
   974 | D:1      | 974 ||| READING scroll labelled POB VERCHEVUKATUE.
   975 | D:1      | 975 ||| DRINKING 2 blue potions.
   976 | D:1      | 976 ||| DROPPING potion of magic.
   995 | D:2      | Found Noezun's Distillery.
   998 | D:2      | Reached XP level 3. HP: 29/29 MP: 3/3
  1013 | D:2      | 1013 ||| BUYING potion of curing (42 gold).
  1013 | D:2      | Bought a potion of curing for 42 gold pieces
  1013 | D:2      | 1013 ||| SHOPLISTING potion of haste (140 gold, have 60).
  1013 | D:2      | 1013 ||| SHOPLISTING potion of heal wounds (70 gold, have
                  | 60).
  1336 | D:2      | Found Gichi's Magic Scroll Boutique.
  1341 | D:2      | 1341 ||| BUYING scroll of identify (20 gold).
  1341 | D:2      | Bought a scroll of identify for 20 gold pieces
  1341 | D:2      | 1341 ||| BUYING scroll of identify (20 gold).
  1341 | D:2      | Bought a scroll of identify for 20 gold pieces
  1341 | D:2      | 1341 ||| BUYING scroll of identify (20 gold).
  1341 | D:2      | Bought a scroll of identify for 20 gold pieces
  1341 | D:2      | 1341 ||| BUYING scroll of identify (20 gold).
  1341 | D:2      | Bought a scroll of identify for 20 gold pieces
  1341 | D:2      | 1341 ||| BUYING scroll of identify (20 gold).
  1341 | D:2      | Bought a scroll of identify for 20 gold pieces
  1341 | D:2      | 1341 ||| SHOPLISTING scroll of teleportation (30 gold, have
                  | 2).
  1415 | D:2      | Reached skill level 4 in Ranged Weapons
  1496 | D:2      | Found Maerhaj's Assorted Antiques.
  1500 | D:2      | Found an ornate altar of the Wu Jian Council.
  1501 | D:2      | 1501 ||| SHOPLISTING 2 metallic pink potions (46 gold, have
                  | 2).
  1501 | D:2      | 1501 ||| SHOPLISTING scroll labelled JUEQUI NACUR XOY (26
                  | gold, have 2).
  1501 | D:2      | 1501 ||| SHOPLISTING scroll labelled LITUC UG PUYLL (26
                  | gold, have 2).
  1501 | D:2      | 1501 ||| SHOPLISTING scroll of identify (52 gold, have 2).
  1510 | D:2      | Found Codiah's Antique Armour Emporium.
  1517 | D:2      | 1517 ||| SHOPLISTING embroidered robe (99 gold, have 2).
  1517 | D:2      | 1517 ||| SHOPLISTING faintly glowing robe (153 gold, have
                  | 2).
  1517 | D:2      | 1517 ||| SHOPLISTING glowing ring mail (189 gold, have 2).
  1517 | D:2      | 1517 ||| SHOPLISTING pair of runed boots (202 gold, have
                  | 2).
  1517 | D:2      | 1517 ||| SHOPLISTING pair of runed gloves (202 gold, have
                  | 2).
  1680 | D:2      | 1680 ||| UPGRADING to +0 pair of boots.
  1685 | D:2      | 1685 ||| READING scroll of enchant armour.
  1685 | D:2      | 1685 ||| ENCHANTING +0 pair of boots.
  1686 | D:2      | 1686 ||| UPGRADING to +4 ring of protection.
  1687 | D:2      | 1687 ||| READING 5 scrolls of identify.
  1687 | D:2      | 1687 ||| IDENTIFYING purple potion
  1688 | D:2      | 1688 ||| READING 4 scrolls of identify.
  1688 | D:2      | 1688 ||| IDENTIFYING lumpy red potion
  1689 | D:2      | 1689 ||| READING 3 scrolls of identify.
  1689 | D:2      | 1689 ||| IDENTIFYING fizzy pink potion
  1690 | D:2      | 1690 ||| READING 2 scrolls of identify.
  1690 | D:2      | 1690 ||| IDENTIFYING bubbling emerald potion
  1691 | D:2      | 1691 ||| DROPPING potion of invisibility.
  1692 | D:2      | 1692 ||| DROPPING potion of lignification.
  1755 | D:3      | 1755 ||| FLEEEEING.
  1757 | D:3      | 1757 ||| FLEEEEING.
  1758 | D:3      | 1758 ||| FLEEEEING.
  1759 | D:3      | 1759 ||| FLEEEEING.
  1760 | D:3      | 1760 ||| FLEEEEING.
  1761 | D:3      | 1761 ||| FLEEEEING.
  1762 | D:3      | 1762 ||| FLEEEEING.
  1763 | D:3      | 1763 ||| FLEEEEING.
  1764 | D:3      | 1764 ||| FLEEEEING.
  1765 | D:3      | 1765 ||| STAIRDANCE
  1947 | D:3      | Found a glowing golden altar of the Shining One.
  1996 | D:3      | Reached skill level 1 in Armour
  2098 | D:3      | Reached XP level 4. HP: 31/36 MP: 4/4
  2234 | D:3      | Found a faded altar of an unknown god.
  2459 | D:3      | Found a shimmering altar of Xom.
  2581 | D:3      | 2581 ||| UPGRADING to ring of resist corrosion.
  2682 | D:4      | Noticed Ijyb
  2684 | D:4      | 2684 ||| DRINKING 2 potions of curing.
  2684 | D:4      | 2684 ||| (to cure confusion)
  2694 | D:4      | 2694 ||| DRINKING potion of curing.
  2694 | D:4      | 2694 ||| (to cure confusion)
  2696 | D:4      | Killed Ijyb
  2697 | D:4      | Reached skill level 5 in Ranged Weapons
  2761 | D:4      | Reached XP level 5. HP: 37/44 MP: 5/5
  2802 | D:4      | Found a hazy altar of Hepliaklqana.
  2806 | D:4      | Reached skill level 3 in Fighting
  2830 | D:4      | 2830 ||| STAIRDANCE
  2841 | D:4      | Noticed Duvessa
  2841 | D:4      | Noticed Dowan
  2854 | D:4      | Killed Duvessa
  2855 | D:4      | Reached skill level 6 in Ranged Weapons
  2856 | D:4      | HP: 8/45 [Dowan/+0 dagger (6)]
  2860 | D:4      | Killed from afar by Dowan

Levels and vault maps discovered:
D:1:      dpeg_arrival_boxes_within_box, layout_basic, st_stairs_13
D:2:      layout_basic, basic_altar, serial_shops, nicolae_square_shop, shop,
          nicolae_shop_just_a_little_nook, shop_statue, shop
D:3:      layout_basic, nicolae_tso_swordbearing_angel,
          nicolae_overflow_ecumenical_swirl, minmay_pentomino_pile
D:4:      layout_basic, nicolae_hepliaklqana_hazy_memory, uniq_duvessa,
          uniq_ijyb

Skill      XL: |  1  2  3  4  5 |
---------------+----------------+-----
Ranged Weapons | 3 4 5 6 |  6.1
Fighting       | 2 3 |  3.0
Armour         | 1 |  1.0
Dodging        | |  2.1
Spellcasting   | |  1.0
Hexes          | |  2.0

Action                     |  1- 3 |  4- 6 || total
---------------------------+-------+-------++-------
   Fire: Sling             |   132 |    81 ||   213
    Use: Scroll            |     7 |       ||     7
         Potion            |     1 |     2 ||     3
 Armour: Ring mail         |    24 |    31 ||    55
  Dodge: Dodged            |    48 |    28 ||    76

Table legend:
 A = Non-vault XP
 B = Vault XP
 C = Vault XP percentage of total XP
 D = Non-vault monster count
 E = Vault monster count
 F = Vault count percentage of total count
                 A         B        C        D         E       F
            +---------+---------+-------+---------+---------+-------
      Total |     161 |     185 |  53.5 |      53 |       7 |  11.7
            +---------+---------+-------+---------+---------+-------
        D:1 |      36 |       2 |   5.3 |      22 |       1 |   4.3
        D:2 |      32 |       0 |   0.0 |       8 |       0 |   0.0
        D:3 |      35 |       8 |  18.6 |      12 |       4 |  25.0
        D:4 |      58 |     175 |  75.1 |      11 |       2 |  15.4
            +---------+---------+-------+---------+---------+-------
